 Seeded DCSS version 0.28-a0-983-g1de4e0787c (webtiles) character file.

Game seed: 12130800008223909736 (custom seed)

551 croobank the Skirmisher (level 7, -2/53 HPs)
             Began as an Octopode Monk on Dec 2, 2021.
             Was a Follower of Qazlal.
             Slain by an ice beast (12 damage)
             ... on level 6 of the Dungeon.
             The game lasted 00:29:36 (3501 turns).

croobank the Skirmisher (Octopode Monk)             Turns: 3501, Time: 00:29:36

Health: -2/53      AC:  1    Str: 13    XL:     7   Next: 29%
Magic:  7/7        EV: 14    Int: 12    God:    Qazlal [*.....]
Gold:   253        SH:  2    Dex: 14    Spells: 6/6 levels left

rFire   + . .      SeeInvis .   a - +0 spear
rCold   x . .      Faith    .   (no shield)
rNeg    . . .      Spirit   .   (helmet restricted)
rPois   .          Reflect  .   c - amulet of regeneration
rElec   .          Harm     .   h - ring of fire
rCorr   .          Rampage  .   (no ring)
Will    .....                   (no ring)
Stlth   +++.......              (no ring)
HPRegen 0.97/turn               (no ring)
MPRegen 0.10/turn               (no ring)
                                (no ring)
                                (no ring)

@: no status effects
A: almost no armour, amphibious, 8 rings, camouflage 1, gelatinous body 1,
(nimble swimmer 1), tentacles
a: Renounce Religion


You were on level 6 of the Dungeon.
You worshipped Qazlal.
Qazlal was aware of your devotion.
You visited 2 branches of the dungeon, and saw 9 of its levels.

You collected 253 gold pieces.

Inventory:

Hand Weapons
 a - a +0 spear (weapon)
 b - a +0 vorpal hunting sling
 i - a +0 long sword
Missiles
 g - 34 arrows
 j - 56 stones (quivered)
 n - 5 curare-tipped darts
 p - 10 sling bullets
 s - 9 poisoned darts
 v - a boomerang
Magical Staves
 u - a staff of conjuration
Jewellery
 c - an amulet of regeneration (around mantle)
 h - a ring of fire (left tentacle)
Wands
 d - a wand of polymorph (9)
Scrolls
 e - 7 scrolls of identify {identify, unknown}
 k - 4 scrolls of acquirement {acquirement, unknown}
 l - 3 scrolls of enchant armour {enchant armor, unknown}
 o - a scroll of immolation {immolation}
 w - a scroll of noise {noise, unknown}
 x - a scroll of enchant weapon {enchant weapon, unknown}
Potions
 f - a potion of flight {flight, unknown}
 q - a potion of degeneration {degeneration, unknown}


   Skills:
 + Level 6.8 Fighting
 - Level 5.1 Polearms
 - Level 3.1 Dodging
 - Level 2.8 Stealth


You had 6 spell levels left.
You didn't know any spells.
Your spell library contained the following spells:

 Spells                   Type           Power      Damage    Failure   Level
 Animate Skeleton         Necr           0%         N/A       32%         1
 Apportation              Tloc           0%         N/A       32%         1
 Summon Small Mammal      Summ           0%         N/A       32%         1
 Alistair's Intoxication  Tmut/Pois      0%         N/A       100%        5


Dungeon Overview and Level Annotations

Branches:
Dungeon (8/15)             Temple (1/1) D:4
   Lair: D:8-11

Altars:
Ashenzari
Cheibriados
Dithmenos
Elyvilon
Fedhas
Gozag
Kikubaaqudgha
Makhleb
Okawaru
Qazlal
Ru
Sif Muna
Trog
Uskayaw
Vehumet
Wu Jian
Xom
Zin
The Shining One

Shops:
D:6 =

Annotations:
D:8 Pikel


Innate Abilities, Weirdness & Mutations

You cannot wear most types of armour.
You are amphibious.
You can wear up to eight rings at the same time.
Your skin changes colour to match your surroundings (Stealth+).
Your rubbery body absorbs attacks. (AC +1, EV +1)
((You are camouflaged near water. (Stealth+)))
You have tentacles for arms and can constrict up to eight enemies at once.


Message History

You release your grip on the white imp.
The white imp is engulfed in blazing flames.
You kill the white imp!
Qazlal accepts your kill.
You hit the ice beast.
Flame seeps out of the ice beast.
The ice beast is lightly wounded.
The ice beast is engulfed in blazing flames.
Flame seeps out of the ice beast.
The ice beast hits you. The ice beast freezes you!
You feel a terrible chill!
* * * LOW HITPOINT WARNING * * *
Found Leclugu's Jewellery Shop.
The ice beast is engulfed in blazing flames.
Flame seeps out of the ice beast.
There is a stone staircase leading down here.
The ice beast's inner flame fades away.
Reach: a) +0 spear
Press: ? - help, Dir - move target, f - ice beast
Aim: an ice beast (severely wounded, about 34% to evade your +0 spear)
You reach to attack!
You hit the ice beast but do no damage.
The ice beast is severely wounded.
You hit the ice beast but do no damage.
You squeeze the ice beast, but do no damage.
The ice beast is severely wounded.
The ice beast misses you.
You hit the ice beast. Your squeeze misses the ice beast.
The ice beast is almost dead.
The ice beast barely misses you.
You hit the ice beast but do no damage.
The ice beast is almost dead.
The ice beast hits you. The ice beast freezes you!
You feel a terrible chill!
* * * LOW HITPOINT WARNING * * *
You hit the ice beast but do no damage. Your squeeze misses the ice beast.
The ice beast is almost dead.
The ice beast misses you.
You hit the ice beast.
The ice beast is almost dead.
The ice beast hits you.
* * * LOW HITPOINT WARNING * * *
The ice beast freezes you!
You feel a terrible chill!
You die...

########## ##.
#........##########...
#....@Y....>..........
#........########..##.
#....#.............##
#.......############
#......## #....#.#
#....#.# ###.##.#


You could see an ice beast.

Vanquished Creatures
  A steam dragon (D:7)
  Pargi (D:3)
  A black bear (D:4)
  A bullfrog (D:8)
  A gnoll shaman (D:7)
  Jessica (D:3)
  6 gnolls
  An adder (D:4)
  A white imp (D:6)
  2 worms
  4 dart slugs
  2 orcs (D:3)
  2 ball pythons (D:2)
  3 endoplasms (D:1)
  2 giant cockroaches
  4 goblins
  5 hobgoblins
  3 quokkas
  3 bats
  2 frilled lizards
  4 kobolds
  3 rats
53 creatures vanquished.

Vanquished Creatures (others)
  An orc wizard (D:8)
  10 plants (D:3)
11 creatures vanquished.

Grand Total: 64 creatures vanquished

Notes
Turn   | Place    | Note
-------+----------+-------------------------------------------
     0 | D:1      | croobank the Octopode Monk began the quest for the Orb.
     0 | D:1      | Reached XP level 1. HP: 16/16 MP: 1/1
   150 | D:1      | Reached XP level 2. HP: 16/21 MP: 2/2
   768 | D:2      | Reached XP level 3. HP: 26/26 MP: 3/3
  1390 | D:3      | Noticed Pargi
  1412 | D:3      | Killed Pargi
  1413 | D:3      | Reached skill level 4 in Fighting
  1413 | D:3      | Reached XP level 4. HP: 14/33 MP: 4/4
  1413 | D:3      | Reached XP level 5. HP: 16/37 MP: 5/5
  1806 | D:3      | Noticed Jessica
  1812 | D:3      | Killed Jessica
  1813 | D:3      | Reached skill level 5 in Polearms
  2361 | D:4      | Found a white marble altar of Elyvilon.
  2634 | D:4      | Found a staircase to the Ecumenical Temple.
  2640 | Temple   | Entered the Ecumenical Temple
  2702 | Temple   | Became a worshipper of Qazlal Stormbringer
  2702 | Temple   | Reached * piety under Qazlal
  2702 | Temple   | Reached ** piety under Qazlal
  2738 | D:4      | Noticed a black bear
  2747 | D:4      | Killed a black bear
  2748 | D:4      | Reached skill level 5 in Fighting
  2748 | D:4      | Reached XP level 6. HP: 45/45 MP: 6/6
  3130 | D:5      | Entered Level 5 of the Dungeon
  3130 | D:5      | You fall into a shaft and drop 3 floors!
  3164 | D:8      | Noticed a yak
  3209 | D:7      | Noticed a steam dragon
  3236 | D:7      | Killed a steam dragon
  3237 | D:7      | Reached skill level 6 in Fighting
  3241 | D:7      | Reached XP level 7. HP: 17/53 MP: 2/7
  3261 | D:8      | Found a shimmering blue altar of Sif Muna.
  3261 | D:8      | Noticed a troll
  3308 | D:8      | Noticed Pikel
  3310 | D:8      | Found a sacrificial altar of Ru.
  3329 | D:8      | Noticed a yak
  3329 | D:8      | Noticed a yak
  3329 | D:8      | Noticed a yak
  3329 | D:8      | Noticed a yak
  3389 | D:8      | Noticed a steam dragon
  3483 | D:6      | Found Leclugu's Jewellery Shop.
  3501 | D:6      | Slain by an ice beast

Illustrated notes

Levels and vault maps discovered:
D:1:      minmay_arrival_checkered_box, layout_basic, minmay_pentomino_q2
D:2:      layout_loops_cross
D:3:      layout_loops_corners, serial_bayou, serial_bayou_pond_c,
          serial_bayou_lagoon_b, serial_bayou_pond_c, serial_bayou_pond_e,
          uniq_pargi, uniq_jessica
D:4:      layout_basic, marbit_many_paths, minmay_temple_entry_enclosed_plants,
          hex_intersection
D:5:      layout_rooms, uniq_sigmund
D:6:      layout_rooms, serial_shops, shop, nicolae_diamond_shop,
          nicolae_shop_advertising_works [nicolae_subvault_shop_adworks], shop,
          chequers_serial_rivers_micro_a, uniq_eustachio
D:7:      layout_cave_pools, serial_gnoll_camp, gnoll_camp_mini_shop,
          gnoll_camp_mini_loothouse, gnoll_camp_mini_sergeant,
          gnoll_camp_mini_shop, serial_shops, kennysheep_little_box, uniq_maggie
D:8:      layout_basic, lemuel_round_altar, mainiacjoe_overflow_catwalk,
          uniq_pikel
Temple:   mainiacjoe_temple_coin_purse

Skill      XL: |  1  2  3  4  5  6 |
---------------+-------------------+-----
Fighting       | 4 5 6 |  6.8
Polearms       | 4 5 |  5.1
Dodging        | |  3.1
Stealth        | |  2.8

Action                   |  1- 3 |  4- 6 |  7- 9 || total
-------------------------+-------+-------+-------++-------
Melee: Spear             |    78 |    70 |    40 ||   188
       Constrict         |    20 |    11 |     4 ||    35
       Tentacles         |    10 |    16 |    10 ||    36
 Fire: Hunting sling     |       |     4 |       ||     4
Throw: Dart              |     7 |     3 |       ||    10
Invok: Upheaval          |       |     1 |     1 ||     2
  Use: Scroll            |     1 |     1 |     4 ||     6
       Potion            |       |     2 |       ||     2
 Stab: Sleeping          |    12 |     2 |       ||    14
Armor: Skin              |     4 |     1 |     1 ||     6
Dodge: Dodged            |    29 |    41 |    25 ||    95
Block: Other             |       |     7 |     1 ||     8

Table legend: (Time is in decaauts)
 A = Elapsed time spent in this place.
 B = Non-inter-level travel time spent in this place.
 C = Inter-level travel time spent in this place.
 D = Time resting spent in this place.
 E = Time spent auto-exploring this place.
 F = Levels seen in this place.
 G = Mean time per level.
                   A        B        C        D        E       F      G
               +--------+--------+--------+--------+--------+-----+--------+
         Total |   3486 |   3403 |     83 |     25 |   2539 |   9 |  387.3 |
       Dungeon |   3414 |   3341 |     73 |     25 |   2506 |   8 |  426.8 |
        Temple |     72 |     62 |     10 |      0 |     33 |   1 |   72.0 |
               +--------+--------+--------+--------+--------+-----+--------+

Top non-repeatable levels by time:
     D:3: 928 daAuts
     D:4: 741 daAuts
     D:1: 733 daAuts
     D:2: 649 daAuts
     D:8: 258 daAuts
  Temple: 72 daAuts
     D:7: 71 daAuts
     D:6: 30 daAuts
